 Dungeon Crawl Stone Soup version 0.27-a0-978-g2aa4ecdaef (webtiles) character file.

Game seed: 1971428425173595862

54 tardwrangler69 the Chiller (level 3, -4/26 HPs)
             Began as a Draconian Ice Elementalist on Apr 14, 2021.
             Slain by a black bear (8 damage)
             ... on level 2 of the Dungeon.
             The game lasted 00:02:30 (2669 turns).

tardwrangler69 the Chiller (DrIE)                   Turns: 2669, Time: 00:02:31

Health: -4/26      AC:  6    Str: 10    XL:     3   Next: 66%
Magic:  0/6        EV: 12    Int: 16    God:
Gold:   78         SH:  0    Dex: 11    Spells: 6/7 levels left

rFire    . . .     SeeInvis .   h - +0 short sword
rCold    . . .     Faith    .   (no shield)
rNeg     . . .     Spirit   .   (armour unavailable)
rPois    .         Reflect  .   (helmet restricted)
rElec    .         Harm     .   (no cloak)
rCorr    .         Rampage  .   i - +0 pair of gloves
Will     .....                  (no boots)
Stlth    ++........             (no amulet)
HPRegen  0.08/turn              (no ring)
MPRegen  0.10/turn              (no ring)

@: no status effects
A: AC +5, unfitting armour, cold-blooded
a: no special abilities


You were on level 2 of the Dungeon.
You visited 1 branch of the dungeon, and saw 2 of its levels.

You collected 78 gold pieces.

Inventory:

Hand Weapons
 h - a +0 short sword (weapon)
Armour
 i - a +0 pair of gloves (worn)
Scrolls
 a - 2 scrolls of identify {unknown}
 b - a scroll of fog {unknown}
 d - a scroll of teleportation {unknown}
 f - a scroll of amnesia {unknown}
 g - a scroll of fear {unknown}
Potions
 c - a potion of curing
 e - a potion of berserk rage {unknown}
 j - a potion of might {unknown}


   Skills:
 + Level 2.3 Dodging
 - Level 1.7 Stealth
 + Level 2.5 Spellcasting
 * Level 4.7 Ice Magic


You had 6 spell levels left.
You knew the following spells:

 Your Spells              Type           Power      Damage    Failure   Level
a - Freeze                Ice            68%        1d8       2%          1

Your spell library contained the following spells:

 Spells                   Type           Power      Damage    Failure   Level
 Frozen Ramparts          Ice            34%        1d5       9%          3
 Ozocubu's Armour         Ice            17%        N/A       9%          3
 Hailstorm                Conj/Ice       9%         3d4       58%         4
 Metabolic Englaciation   Hex/Ice        4%         N/A       90%         5


Dungeon Overview and Level Annotations

Branches:
Dungeon (2/15)

Altars:


Innate Abilities, Weirdness & Mutations

Your plain brown scales are hard. (AC +5)
You cannot fit into any form of body armour.
You are cold-blooded and may be slowed by cold attacks.


Message History

Aim: a black bear (moderately wounded)
You freeze the black bear.
The black bear is moderately wounded.
The black bear barely misses you. The black bear closely misses you.
The black bear claws you but does no damage.
Casting: Freeze (safe; 2% risk of failure)
Confirm with . or Enter, or press ? or * to list all spells.
Aiming: Freeze (safe; 2% risk of failure)
Press: ? - help, Shift-Dir - straight line, f/p - black bear
Aim: a black bear (moderately wounded)
You freeze the black bear.
The black bear is heavily wounded.
The black bear bites you. The black bear misses you.
The black bear claws you but does no damage.
Casting: Freeze (safe; 2% risk of failure)
Confirm with . or Enter, or press ? or * to list all spells.
Aiming: Freeze (safe; 2% risk of failure)
Press: ? - help, Shift-Dir - straight line, f/p - black bear
Aim: a black bear (heavily wounded)
You freeze the black bear!
The black bear is severely wounded.
The black bear goes berserk!
Casting: Freeze (safe; 2% risk of failure)
Confirm with . or Enter, or press ? or * to list all spells.
Aiming: Freeze (safe; 2% risk of failure)
Press: ? - help, Shift-Dir - straight line, f/p - black bear
Aim: a black bear (severely wounded, berserk)
You freeze the black bear.
The black bear is almost dead.
The black bear bites you but does no damage.
The black bear claws you. x2; The black bear bites you!
The black bear barely misses you.
The black bear claws you but does no damage.
You barely miss the black bear.
The black bear is almost dead.
The black bear bites you but does no damage.
The black bear claws you.
* * * LOW HITPOINT WARNING * * *
The black bear closely misses you. The black bear bites you!
You die...

##.#.##.##########.##############
..........# #.##############
##...##.####### #.......[.......
##...##..)....# ################
.....##..####.#### #....)h...#
##...##..# #.##.# #.#######.#
......#..# #.##.# #.# #.#
......#..####.##.# #.# #.#
..............##@# #.# ##.#
......#.########h# #.# ####..#
........# #.# #.# #.....#
........# #.# #.###.....#
..(..#.## #.####......_..###
##.#.#.# #....h......(....<
.......# #.#######......###
##.###.# #.########.###.# ...#
#.# #..............###


You could see a black bear (berserk).

Vanquished Creatures
  2 adders (D:2)
  3 dart slugs
  4 endoplasms
  3 giant cockroaches
  2 hobgoblins
  2 quokkas (D:2)
  A bat (D:2)
  3 frilled lizards
  2 goblins
  5 kobolds
  4 rats
31 creatures vanquished.

Notes
Turn   | Place    | Note
-------+----------+-------------------------------------------
     0 | D:1      | tardwrangler69 the Draconian Ice Elementalist began the
                  | quest for the Orb.
     0 | D:1      | Reached XP level 1. HP: 14/14 MP: 3/3
   534 | D:1      | Reached XP level 2. HP: 4/20 MP: 1/5
  1571 | D:2      | Reached XP level 3. HP: 5/26 MP: 1/6
  2070 | D:2      | Found a faded altar of an unknown god.
  2335 | D:2      | Noticed a black bear
  2669 | D:2      | Slain by a black bear

Illustrated notes

Levels and vault maps discovered:
D:1:      minmay_arrival_stair_chambers, layout_loops_corners
D:2:      layout_basic, ebering_ecumenical_altar_sacrificial

Skill      XL: |  1 |
---------------+----+-----
Dodging        | 2 |  2.3
Stealth        | |  1.7
Spellcasting   | |  2.5
Ice Magic      | |  4.7

Action                   || total
-------------------------++-------
Melee: Dagger            ||    59
       Unarmed           ||     5
       Tailslap          ||     6
       Short sword       ||    32
 Cast: Freeze            ||    26
  Use: Potion            ||     1
 Stab: Sleeping          ||     5
Armor: Skin              ||    32
Dodge: Dodged            ||    65

Table legend: (Time is in decaauts)
 A = Elapsed time spent in this place.
 B = Non-inter-level travel time spent in this place.
 C = Inter-level travel time spent in this place.
 D = Time resting spent in this place.
 E = Time spent auto-exploring this place.
 F = Levels seen in this place.
 G = Mean time per level.
                   A        B        C        D        E       F      G
               +--------+--------+--------+--------+--------+-----+--------+
         Total |   2672 |   2572 |    100 |    100 |   2160 |   2 | 1336.0 |
       Dungeon |   2672 |   2572 |    100 |    100 |   2160 |   2 | 1336.0 |
               +--------+--------+--------+--------+--------+-----+--------+

Top non-repeatable levels by time:
     D:1: 1677 daAuts
     D:2: 995 daAuts
